 Dungeon Crawl Stone Soup version 0.29-a0-317-gd16b76e (webtiles) character file.

Game seed: 6355225169497098787

76 Think the Cutter (level 4, -1/31 HPs)
             Began as an Octopode Fighter on Mar 29, 2022.
             Was a Follower of Cheibriados.
             Slain by an orc priest
             ... wielding a +0 club
              (4 damage)
             ... on level 3 of the Dungeon.
             The game lasted 00:04:29 (2078 turns).

Think the Cutter (Octopode Fighter)                 Turns: 2078, Time: 00:04:31

Health: -1/31      AC:  1    Str: 20    XL:     4   Next: 32%
Magic:  1/4        EV: 13    Int: 13    God:    Cheibriados [*.....]
Gold:   55         SH:  5    Dex: 14    Spells: 2/3 levels left

rFire   . . .      SeeInvis .   a - +0 rapier
rCold   . . .      Faith    .   b - +0 buckler
rNeg    . . .      Spirit   .   (helmet restricted)
rPois   .          Reflect  .   (no amulet)
rElec   .          Harm     .   (no ring)
rCorr   .          Rampage  .   (no ring)
Will    .....                   (no ring)
Stlth   ++........              (no ring)
HPRegen 0.10/turn               (no ring)
MPRegen 0.09/turn               (no ring)
                                (no ring)
                                (no ring)

@: very slow
A: almost no armour, amphibious, 8 rings, camouflage 1, gelatinous body 1,
(nimble swimmer 1), tentacles
a: Renounce Religion, Bend Time


You were on level 3 of the Dungeon.
You worshipped Cheibriados.
Cheibriados was aware of your devotion.
You visited 1 branch of the dungeon, and saw 3 of its levels.

You collected 55 gold pieces.

Inventory:

Hand Weapons
 a - a +0 rapier (weapon)
Armour
 b - a +0 buckler (worn)
Scrolls
 e - 2 scrolls of teleportation {unknown}
 f - a scroll of noise {unknown}
 g - 2 scrolls of identify {unknown}
 j - a scroll of torment {unknown}
 k - a scroll of blinking {unknown}
Potions
 c - 3 potions of might
 d - 2 potions of flight {unknown}
 h - a potion of mutation {unknown}
 i - 2 potions of ambrosia {unknown}
 l - a potion of lignification {unknown}


   Skills:
 - Level 3.0 Fighting
 + Level 4.1 Short Blades
 - Level 3.0 Dodging
 - Level 3.0 Shields
 + Level 1.2 Transmutations
 + Level 0.4 Invocations


You had 2 spell levels left.
You knew the following spells:

 Your Spells              Type           Power      Damage    Failure   Level
a - Beastly Appendage     Tmut           6%         N/A       26%         1

Your spell library contained the following spells:

 Spells                   Type           Power      Damage    Failure   Level
 Wereblood                Tmut           3%         N/A       36%         2
 Animate Skeleton         Necr           0%         N/A       38%         1
 Apportation              Tloc           0%         N/A       38%         1
 Summon Small Mammal      Summ           0%         N/A       38%         1
 Spider Form              Tmut/Pois      1%         N/A       67%         3


Dungeon Overview and Level Annotations

Branches:
Dungeon (3/15)

Altars:
Cheibriados

Annotations:
D:2 1 runed translucent door, Crazy Yiuf


Innate Abilities, Weirdness & Mutations

You cannot wear most types of armour.
You are amphibious.
You can wear up to eight rings at the same time.
Your skin changes colour to match your surroundings (Stealth+).
Your rubbery body absorbs attacks. (AC +1, EV +1)
((You are camouflaged when in or above water. (Stealth+)))
You have tentacles for arms and can constrict up to eight enemies at once.


Message History

a +0 short sword; a +0 ring mail An orc comes into view.
It is wielding a +0 falchion.
The orc shouts!
You swing at nothing.
You swing at nothing.
You swing at nothing.
You barely miss the orc. Your grab misses the orc. You block the orc's attack.
You hit the orc. Your grab misses the orc.
The orc is heavily wounded.
The orc hits you with a +0 falchion.
You hit the orc. Your grab misses the orc.
The orc is almost dead.
The orc hits you with a +0 falchion.
You hit the orc but do no damage. You grab the orc. You squeeze the orc.
You kill the orc!
Cheibriados appreciates the change of pace.
You start resting.
An orc is nearby!
The orc shouts!
You hit the orc. You grab the orc. You squeeze the orc.
The orc is moderately wounded.
You constrict the orc.
You hear a shout! x2
You block the orc's attack.
You hit the orc.
You kill the orc!
Cheibriados thoroughly appreciates the change of pace.
An orc priest, an orc and an orc wizard come into view.
The orc priest mumbles some strange prayers to Beogh against you.
Pain shoots through your body!
* * * LOW HITPOINT WARNING * * *
Things that are here:
a +0 flail; an orc corpse
Okay, then.
The flow of time bends around you.
You don't have enough magic at the moment.
You hit the orc priest but do no damage.
Your grab misses the orc priest. Your squeeze misses the orc priest.
The orc priest hits you with a +0 club.
You die...

.........).......
#..........o...
##...#.........
#.#)#)........
#.#..#........
#)##)...#.o...
...###.###o..##....
#........o...###.##
##.#....@.....##.# .#
.#.............# .#
#>............####.#####
###...........)........#
#.....................
######.............(..
#####.................
##.....#...............
#..#####...............


You could see an orc priest, an orc wizard and an orc.

Vanquished Creatures
  A gnoll (D:1)
  2 worms
  3 dart slugs
  7 orcs (D:3)
  5 ball pythons
  5 endoplasms
  A giant cockroach (D:2)
  5 goblins
  5 hobgoblins
  3 kobolds (D:1)
  A quokka (D:2)
  3 frilled lizards
  2 rats (D:3)
43 creatures vanquished.

Notes
Turn   | Place    | Note
-------+----------+-------------------------------------------
     0 | D:1      | Think the Octopode Fighter began the quest for the Orb.
     0 | D:1      | Reached XP level 1. HP: 16/16 MP: 1/1
   115 | D:1      | Reached XP level 2. HP: 19/21 MP: 2/2
   401 | D:1      | Reached skill level 3 in Short Blades
   500 | D:1      | Reached XP level 3. HP: 19/26 MP: 3/3
   610 | D:1      | Learned a level 1 spell: Beastly Appendage
  1076 | D:2      | Found a faded altar of an unknown god.
  1090 | D:2      | Prayed at the altar of an unknown god.
  1090 | D:2      | Became a worshipper of Cheibriados the Contemplative
  1090 | D:2      | Reached * piety under Cheibriados
  1381 | D:2      | Reached skill level 1 in Transmutations
  1658 | D:2      | Found a runed translucent door.
  1659 | D:2      | Noticed Crazy Yiuf
  1707 | D:3      | Reached XP level 4. HP: 19/31 MP: 4/4
  1711 | D:2      | Reached skill level 4 in Short Blades
  2078 | D:3      | Slain by an orc priest

Illustrated notes

Levels and vault maps discovered:
D:1:      onia_arrival_pyramid, layout_basic, grunt_decor_arrowhead,
          grunt_decor_one_mirror
D:2:      layout_rooms, chequers_ecumenical_altar_island, serial_bayou_pond_c,
          minmay_statues_item, uniq_crazy_yiuf_cottage
D:3:      layout_rooms, zin_statuary, nicolae_uskayaw_dance_hall, serial_shops,
          shop_fountains

Skill      XL: |  1  2  3  4 |
---------------+-------------+-----
Short Blades   | 3 4 |  4.1
Transmutations | 1 |  1.2
Fighting       | |  3.0
Dodging        | |  3.0
Shields        | |  3.0
Invocations    | |  0.4

Action                   |  1- 3 |  4- 6 || total
-------------------------+-------+-------++-------
Melee: Rapier            |    56 |    18 ||    74
       Constrict         |    14 |     6 ||    20
       Tentacles         |    11 |     4 ||    15
       Punch             |     2 |       ||     2
Invok: Bend Time         |       |     1 ||     1
 Stab: Sleeping          |    10 |     3 ||    13
Dodge: Dodged            |    27 |     1 ||    28
Block: Buckler           |     3 |     6 ||     9

Table legend: (Time is in decaauts)
 A = Elapsed time spent in this place.
 B = Non-inter-level travel time spent in this place.
 C = Inter-level travel time spent in this place.
 D = Time resting spent in this place.
 E = Time spent auto-exploring this place.
 F = Levels seen in this place.
 G = Mean time per level.
                   A        B        C        D        E       F      G
               +--------+--------+--------+--------+--------+-----+--------+
         Total |   2307 |   2188 |    119 |    271 |   1585 |   3 |  769.0 |
       Dungeon |   2307 |   2188 |    119 |    271 |   1585 |   3 |  769.0 |
               +--------+--------+--------+--------+--------+-----+--------+

Top non-repeatable levels by time:
     D:1: 1077 daAuts
     D:2: 1032 daAuts
     D:3: 197 daAuts
